[Event "XII Cracow ICC-B 2024"]
[Site "Krakow"]
[Date "2024.06.25"]
[Round "5.1"]
[White "Zieba, Hubert"]
[Black "Wnek, Filip"]
[Result "0-1"]
[ECO "D11"]
[WhiteElo "2012"]
[BlackElo "2019"]
[Annotator "NA RC"]
[PlyCount "77"]
[EventDate "2024.06.20"]
[EventType "swiss"]
[EventCountry "POL"]
[SourceTitle "playchess.com"]
[Source "ChessBase"]
[SourceQuality "1"]
[TimeControl "40/5400+30:1800+30"]

1. d4 d5 2. c4 c6 3. Nf3 e6 4. Qc2 Nf6 5. g3 dxc4 6. Qxc4 b5 7. Qc2 Bb7 8. Bg2 Nbd7 9. O-O Rc8 10. Nc3 a6 11. Ne5 Nxe5 12. dxe5 Nd5 13. Nxd5 cxd5 14. Qd3 Bc5 15. h4 Qb6 16. Rb1 a5 17. h5 h6 18. Qf3 O-O 19. Qg4 Kh7 20. Qh4 Bd4 21. Bf4 Rc2 22. e3 Bxb2 23. g4 f6 24. exf6 Bxf6 25. g5 hxg5 26. Bxg5 Bxg5 27. Qxg5 Rf6 28. Rbe1 b4 29. f4 Rxa2 30. Rf3 d4 31. Rg3 Rxg2+ 32. Rxg2 Bxg2 33. Kxg2 dxe3 34. Kf3 b3 35. Qe5 Qc6+ 36. Kxe3 a4 37. Kf2 Rf5 38. Qd4 Rc5 39. Rxe6 0-1

[Event "XII Cracow ICC-B 2024"]
[Site "Krakow"]
[Date "2024.06.25"]
[Round "5.2"]
[White "Botez, Andrea"]
[Black "Jakubiec, Maurycy"]
[Result "1/2-1/2"]
[ECO "D01"]
[WhiteElo "1906"]
[BlackElo "1607"]
[Annotator "RC"]
[PlyCount "98"]
[EventDate "2024.06.20"]
[EventType "swiss"]
[EventCountry "POL"]
[SourceTitle "playchess.com"]
[Source "ChessBase"]
[SourceQuality "1"]
[TimeControl "40/5400+30:1800+30"]

1. d4 Nf6 2. Nc3 d5 3. Bf4 c6 4. e3 Bf5 5. f3 e6 6. g4 Bg6 7. h4 h6 8. Bd3 Bxd3 9. Qxd3 Bd6 10. Nge2 Na6 11. O-O-O Bxf4 12. Nxf4 Qe7 13. g5 Nd7 14. g6 O-O-O 15. e4 Qf6 16. Nce2 e5 17. dxe5 Nxe5 18. Qc3 dxe4 19. Nd5 Qe6 20. Nef4 Qe8 21. gxf7 Qxf7 22. Qxe5 cxd5 23. Nxd5 Rhe8 24. Qc3+ Kb8 25. fxe4 Rxe4 26. Qg3+ Kc8 27. Qd3 Ree8 28. Qc4+ Kb8 29. Rhf1 Qe6 30. Kb1 Qe4 31. Qxe4 Rxe4 32. h5 Re5 33. Nf4 Rxd1+ 34. Rxd1 Kc7 35. Rg1 Kd6 36. Rg6+ Ke7 37. Rxg7+ Kf8 38. Rg1 Rf5 39. Rf1 Kf7 40. Rf2 Nc5 41. Nd3 Rxf2 42. Nxf2 Kf6 43. b4 Ne6 44. c4 Kg5 45. Kc2 Kxh5 46. Kd3 Kh4 47. Ke3 Kg3 48. Ne4+ Kg4 49. Nf2+ Kg3 1/2-1/2

[Event "XII Cracow ICC-B 2024"]
[Site "Krakow"]
[Date "2024.06.25"]
[Round "5.3"]
[White "Gbyl, Andrzej"]
[Black "Omarsson, Adam"]
[Result "1-0"]
[ECO "E60"]
[WhiteElo "2152"]
[BlackElo "1997"]
[Annotator "RC"]
[PlyCount "127"]
[EventDate "2024.06.20"]
[EventType "swiss"]
[EventCountry "POL"]
[SourceTitle "playchess.com"]
[Source "ChessBase"]
[SourceQuality "1"]
[TimeControl "40/5400+30:1800+30"]

1. d4 Nf6 2. Nf3 g6 3. c4 Bg7 4. Nc3 O-O 5. Bg5 c5 6. d5 d6 7. e4 e6 8. Be2 exd5 9. exd5 h6 10. Bh4 Bg4 11. O-O g5 12. Bg3 Nh5 13. Nd2 Bxe2 14. Qxe2 Nxg3 15. hxg3 Kh8 16. Rae1 Nd7 17. Nb5 Nf6 18. Qe7 Qa5 19. Rd1 Nxd5 20. Qxb7 Nb6 21. Nxd6 Kg8 22. N2e4 Qxa2 23. Ra1 Qxb2 24. Rxa7 Rxa7 25. Qxa7 Qb4 26. Qe7 Nxc4 27. Ne8 Qb6 28. N4f6+ Bxf6 29. Nxf6+ Kg7 30. Nd7 Qd6 31. Qxf8+ Qxf8 32. Nxf8 Kxf8 33. Rc1 Ne5 34. Rxc5 Ng6 35. Rc7 Kg7 36. Ra7 Ne5 37. Kf1 Ng6 38. Ke2 Ne5 39. f3 Kg6 40. Ra6+ Kg7 41. Ke3 Nd7 42. Kd4 Nf6 43. g4 Nd7 44. Kd5 Nf8 45. g3 Ng6 46. Kd6 Kf8 47. Ra4 Kg7 48. f4 gxf4 49. gxf4 Kf6 50. Kd5 Ne7+ 51. Ke4 Ng6 52. Ra6+ Kg7 53. Rd6 Nf8 54. f5 Nh7 55. Ke5 Ng5 56. Rd3 Nh7 57. Ra3 Nf6 58. Ra4 Nh7 59. Ra6 Ng5 60. Kd6 Ne4+ 61. Ke7 Nf2 62. f6+ Kh7 63. Kxf7 Nxg4 64. Ke7 1-0

[Event "XII Cracow ICC-B 2024"]
[Site "Krakow"]
[Date "2024.06.25"]
[Round "5.4"]
[White "Botez, Alexandra"]
[Black "Wadelek, Karol"]
[Result "1-0"]
[ECO "E81"]
[WhiteElo "2011"]
[BlackElo "1974"]
[Annotator "NA"]
[PlyCount "137"]
[EventDate "2024.06.20"]
[EventType "swiss"]
[EventCountry "POL"]
[SourceTitle "playchess.com"]
[Source "ChessBase"]
[SourceQuality "1"]
[TimeControl "40/5400+30:1800+30"]

1. d4 Nf6 2. c4 g6 3. Nc3 Bg7 4. e4 d6 5. f3 O-O 6. Be3 c5 7. Nge2 Qa5 8. Qd2 Nc6 9. O-O-O cxd4 10. Nxd4 Nxd4 11. Bxd4 Be6 12. Kb1 Rfc8 13. Bxf6 Bxf6 14. Nd5 Qxd2 15. Nxf6+ exf6 16. Rxd2 f5 17. Bd3 fxe4 18. Bxe4 Rxc4 19. Bxb7 Bf5+ 20. Ka1 Rb8 21. Bd5 Rc5 22. b3 Kf8 23. g4 Bd7 24. Re1 Bc6 25. Bxc6 Rxc6 26. Kb2 Re8 27. Rde2 Rec8 28. Rd1 Re8 29. Rdd2 Re7 30. b4 Rec7 31. a3 Rc3 32. Rc2 Rxc2+ 33. Rxc2 Rd7 34. Re2 Rc7 35. h3 h5 36. Re3 hxg4 37. fxg4 g5 38. Kb3 Rc6 39. a4 d5 40. b5 Rf6 41. Kb4 Rf4+ 42. Ka5 Rf6 43. Rd3 Rd6 44. Kb4 Ke7 45. Kc5 Ke6 46. Re3+ Kd7 47. Kd4 Rf6 48. Kxd5 Rf4 49. a5 f5 50. gxf5 Rxf5+ 51. Re5 Rf3 52. Rxg5 Rxh3 53. Rg7+ Kc8 54. Rxa7 Rh5+ 55. Kc4 Rh4+ 56. Kd3 Rh3+ 57. Ke4 Rh4+ 58. Kf3 Rh3+ 59. Kg4 Re3 60. b6 Rb3 61. Kf5 Kb8 62. Ke4 Rb1 63. Kd4 Rc1 64. Rh7 Ra1 65. Kc5 Rc1+ 66. Kb5 Rc8 67. a6 Rg8 68. a7+ Ka8 69. Ka6 1-0

[Event "XII Cracow ICC-B 2024"]
[Site "Krakow"]
[Date "2024.06.25"]
[Round "5.5"]
[White "Seref, Erdogan"]
[Black "Kaim, Piotr"]
[Result "0-1"]
[ECO "B10"]
[WhiteElo "1991"]
[BlackElo "2094"]
[Annotator "NA RC"]
[PlyCount "48"]
[EventDate "2024.06.20"]
[EventType "swiss"]
[EventCountry "POL"]
[SourceTitle "playchess.com"]
[Source "ChessBase"]
[SourceQuality "1"]
[TimeControl "40/5400+30:1800+30"]

1. e4 c6 2. Nf3 d5 3. Nc3 dxe4 4. Nxe4 Nf6 5. Qe2 Bg4 6. h3 Bh5 7. g4 Bg6 8. d3 Nxe4 9. dxe4 Nd7 10. Bg2 Qc7 11. Nh4 e5 12. Bd2 Bc5 13. Nf5 Bxf5 14. exf5 O-O-O 15. O-O-O Qb6 16. Rhf1 Nf6 17. c3 a5 18. Bg5 Rxd1+ 19. Kxd1 Re8 20. Kc2 Nd5 21. Rd1 f6 22. Bxd5 cxd5 23. Rxd5 Qc6 24. Qc4 Bb6 0-1

[Event "XII Cracow ICC-B 2024"]
[Site "Krakow"]
[Date "2024.06.25"]
[Round "5.6"]
[White "Przybylski, Bartosz"]
[Black "Marciniak, Leonard"]
[Result "0-1"]
[ECO "A16"]
[WhiteElo "2085"]
[BlackElo "1937"]
[Annotator "NA RC"]
[PlyCount "69"]
[EventDate "2024.06.20"]
[EventType "swiss"]
[EventCountry "POL"]
[SourceTitle "playchess.com"]
[Source "ChessBase"]
[SourceQuality "1"]
[TimeControl "40/5400+30:1800+30"]

1. c4 Nf6 2. Nf3 g6 3. Nc3 d5 4. cxd5 Nxd5 5. h4 h5 6. Qb3 Nb6 7. d4 Bg7 8. Bg5 Be6 9. Qc2 Nc6 10. e3 Nb4 11. Qd1 O-O 12. a3 N4d5 13. e4 Nxc3 14. bxc3 c5 15. Be2 cxd4 16. cxd4 Qd6 17. d5 Bc3+ 18. Bd2 Bxd2+ 19. Qxd2 Bg4 20. Ng5 Qe5 21. Rc1 Bxe2 22. Qxe2 Rac8 23. Rxc8 Rxc8 24. O-O f6 25. Nf3 Qc3 26. e5 Qc4 27. Qb2 Qc3 28. Qb1 Qc2 29. Qb4 Qc5 30. Qf4 Kg7 31. exf6+ exf6 32. Rd1 Nxd5 33. Qe4 Nb6 34. Nd4 Kh7 35. Qxb7+ 0-1

[Event "XII Cracow ICC-B 2024"]
[Site "Krakow"]
[Date "2024.06.25"]
[Round "5.7"]
[White "Polak, Michal"]
[Black "Nun, Grzegorz"]
[Result "1-0"]
[ECO "A43"]
[WhiteElo "1996"]
[BlackElo "1921"]
[Annotator "NA"]
[PlyCount "85"]
[EventDate "2024.06.20"]
[EventType "swiss"]
[EventCountry "POL"]
[SourceTitle "playchess.com"]
[Source "ChessBase"]
[SourceQuality "1"]
[TimeControl "40/5400+30:1800+30"]

1. d4 Nf6 2. Nf3 c5 3. d5 d6 4. Bg5 Nbd7 5. Nc3 g6 6. e4 Bg7 7. a4 a6 8. a5 b5 9. axb6 Qxb6 10. Ra2 Bb7 11. Be2 O-O 12. O-O h6 13. Bf4 Qd8 14. Nd2 Nb6 15. Nb3 Qc8 16. Qa1 e5 17. Bd2 Ne8 18. Na5 Nc7 19. Ra3 Ra7 20. Rb3 Nd7 21. Nc4 Qb8 22. Qa4 Rd8 23. Ra1 Bf8 24. Na5 Qa8 25. f3 Kg7 26. Ra2 Nb8 27. Qc4 Nd7 28. Qa4 Nb8 29. Qa3 Be7 30. Na4 Nd7 31. Nb6 Nxb6 32. Rxb6 Bxd5 33. exd5 Qxd5 34. Be3 Bg5 35. c4 Qe6 36. Bxg5 hxg5 37. Nc6 d5 38. Qxc5 Qf5 39. Nxa7 Ne6 40. Rxe6 Qxe6 41. Nc6 Rd6 42. Rxa6 dxc4 43. Qxc4 1-0